 Dungeon Crawl Stone Soup version 0.26-a0-670-g578ab304f5 (webtiles) character file.

Game seed: 16652348005670722751

156 ANON1729 the Twirler (level 5, -4/46 HPs)
             Began as a Minotaur Wanderer on Oct 18, 2020.
             Slain by a sky beast (6 damage)
             ... on level 6 of the Dungeon.
             The game lasted 00:03:38 (4622 turns).

ANON1729 the Twirler (Minotaur Wanderer)            Turns: 4622, Time: 00:03:39

Health: -4/46      AC:  2    Str: 23    XL:     5   Next: 14%
Magic:  0/4        EV:  8    Int: 10    God:
Gold:   268        SH:  9    Dex:  9    Spells: 4/4 levels left

rFire    . . .     SeeInvis .   a - +0 club
rCold    + . .     Faith    .   e - +0 kite shield
rNeg     . . .     Spirit   +   d - +0 robe
rPois    .         Reflect  .   (helmet restricted)
rElec    .         Harm     .   (no cloak)
rCorr    .         Rampage  .   (no gloves)
MR       .....                  (no boots)
Stlth    ++........             n - amulet of guardian spirit
HPRegen  0.15/turn              B - +6 ring of strength
MPRegen  0.09/turn              A - ring of protection from cold

@: no status effects
A: retaliatory headbutt, horns 2
a: no special abilities


You were on level 6 of the Dungeon.
You visited 1 branch of the dungeon, and saw 5 of its levels.

You collected 268 gold pieces.

Inventory:

Hand Weapons
 a - a +0 club (weapon)
 b - a +0 quarterstaff
Armour
 d - a +0 robe (worn)
 e - a +0 kite shield (worn)
Jewellery
 l - an uncursed ring of ice
 n - an amulet of guardian spirit (around neck)
 z - an uncursed ring of see invisible
 A - a ring of protection from cold (right hand)
 B - a +6 ring of strength (left hand)
Wands
 v - a wand of disintegration (11)
 y - a wand of iceblast (6)
Scrolls
 c - 3 scrolls of teleportation
 g - a scroll of magic mapping {unknown}
 i - 2 scrolls of amnesia
 j - 2 scrolls of immolation {unknown}
 p - 3 scrolls of identify {unknown}
 q - 3 scrolls of remove curse
 w - 5 scrolls of enchant armour {unknown}
 x - a scroll of blinking {unknown}
Potions
 f - a potion of heal wounds {unknown}
 h - a potion of lignification {unknown}
 k - a potion of stabbing {unknown}
 m - a potion of mutation {unknown}
 o - 3 potions of curing {unknown}
 r - 2 potions of degeneration {unknown}
 s - a potion of might {unknown}
 t - 2 potions of brilliance {unknown}
 u - a potion of berserk rage {unknown}
 C - a potion of invisibility {unknown}


   Skills:
 + Level 3.8 Fighting
   Level 2.4 Axes
 + Level 4.7 Staves
 + Level 2.3 Stealth
 + Level 3.1 Shields
 - Level 1.0 Evocations


You had 4 spell levels left.
You didn't know any spells.
Your spell library contained the following spells:

 Spells                   Type           Power        Failure   Level
 Corona                   Hex            #......      87%         1
 Ensorcelled Hibernation  Hex/Ice        #.....       95%         2
 Confusing Touch          Hex            #.......     99%         3
 Dazzling Flash           Conj/Hex       #.....       99%         3
 Tukima's Dance           Hex            #.......     99%         3


Dungeon Overview and Level Annotations

Branches:
Dungeon (4/15)
 Temple: D:4-7

Altars:
Ashenzari
Hepliaklqana
Nemelex Xobeh
Qazlal
Wu Jian
Zin

Portals:
Ossuary: D:6


Innate Abilities, Weirdness & Mutations

You reflexively headbutt those who attack you in melee.
You have a pair of horns on your head.


Message History

The sky beast is heavily wounded.
The sky beast barely misses you. The sky beast closely misses you.
You closely miss the sky beast. Your headbutt misses the sky beast.
The sky beast is moderately wounded.
The sky beast hits you. The sky beast shocks you.
You closely miss the sky beast. Your headbutt misses the sky beast.
The sky beast is moderately wounded.
You block the sky beast's attack.
You hit the sky beast but do no damage.
The sky beast is moderately wounded.
The sky beast hits you.
* * * LOW HITPOINT WARNING * * *
The sky beast shocks you.
* * * LOW HITPOINT WARNING * * *
Found 8 gold pieces.
There is a sand-covered staircase here.
The sky beast hits you.
* * * LOW HITPOINT WARNING * * *
The sky beast shocks you.
You die...

...$..≈≈≈≈
..........
#.........
#.........
#......... ####
#.........
....#####.........
..........@.####
...........Y...#
...........+...#
...........#...#
##.......#...#
#.......#...#
#.......#...#
#.......##..#
######### ###


You could see a sky beast.

Vanquished Creatures
  3 worker ants (D:4)
  2 adders
  A worm (D:2)
  A worm zombie (D:6)
  A dart slug (D:2)
  2 leopard geckos
  7 bats
  2 giant cockroaches
  A gnoll zombie (D:6)
  2 goblins (D:1)
  6 hobgoblins
  5 jackals
  7 kobolds
  4 quokkas
  3 frilled lizards
  A leopard gecko skeleton (D:4)
  6 rats
  A rat zombie (D:6)
55 creatures vanquished.

Notes
Turn   | Place    | Note
-------+----------+-------------------------------------------
     0 | D:1      | ANON1729 the Minotaur Wanderer began the quest for the Orb.
     0 | D:1      | ANON1729 set off with the following items: a +0 club, a +0
                  | quarterstaff, a scroll of teleportation, a +0 robe, a +0
                  | kite shield
     0 | D:1      | Reached XP level 1. HP: 18/18 MP: 0/0
    79 | D:1      | Reached XP level 2. HP: 20/25 MP: 1/1
   530 | D:1      | Reached skill level 4 in Staves
   616 | D:1      | Found a sparkling altar of Nemelex Xobeh.
  1031 | D:2      | Found a hazy altar of Hepliaklqana.
  1182 | D:2      | HP: 1/26 [worm (11)]
  1513 | D:2      | Reached XP level 3. HP: 28/31 MP: 2/2
  3210 | D:3      | Found an ornate altar of the Wu Jian Council.
  3211 | D:3      | Found a broken altar of Ashenzari.
  3547 | D:4      | Reached XP level 4. HP: 34/38 MP: 3/3
  4135 | D:4      | Found a glowing silver altar of Zin.
  4136 | D:4      | Noticed an angel
  4201 | D:4      | Noticed an air elemental
  4202 | D:4      | Found a stormy altar of Qazlal.
  4240 | D:4      | Reached XP level 5. HP: 16/46 MP: 1/4
  4582 | D:4      | Noticed a fire elemental
  4582 | D:4      | Noticed a water elemental
  4582 | D:4      | You fall into a shaft and drop 2 floors!
  4582 | D:6      | Found a sand-covered staircase.
  4606 | D:6      | Noticed a sky beast
  4622 | D:6      | HP: 2/46 [sky beast (4)]
  4622 | D:6      | Slain by a sky beast

Illustrated notes

Levels and vault maps discovered:
D:1:      tarquinn_simple_flora_water_f, layout_basic,
          nemelex_xobeh_ov_fountains_minmay
D:2:      layout_basic, nicolae_overflow_crystal_walls
D:3:      layout_loops_ring, gammafunk_temple_overflow_statue
D:4:      layout_loops_cross, zin_angel, abandoned_shop,
          nicolae_qazlal_style_of_elements
D:6:      layout_gridville, vehumet_altar_wand_db, temple_pool_b,
          enter_ossuary_3, serial_shops, shop_fountains, kennysheep_mini_moat,
          nicolae_shop_crystal, kennysheep_little_box,
          gammafunk_ghost_necromancy, basic_altar, hangedman_decor_opposing

Skill      XL: |  1  2  3  4 |
---------------+-------------+-----
Staves         | 4 |  4.7
Fighting       | 3 |  3.8
Shields        | 2 3 |  3.1
Stealth        | 2 |  2.3
Axes           | |  2.4
Evocations     | |  1.0

Action                   |  1- 3 |  4- 6 || total
-------------------------+-------+-------++-------
Melee: Club              |   154 |    60 ||   214
       Headbutt          |    24 |    11 ||    35
  Use: Scroll            |       |     2 ||     2
 Stab: Sleeping          |     6 |     1 ||     7
Armor: Robe              |    28 |     8 ||    36
Dodge: Dodged            |    66 |    17 ||    83
Block: Kite shield       |    65 |    25 ||    90

Table legend: (Time is in decaauts)
 A = Elapsed time spent in this place.
 B = Non-inter-level travel time spent in this place.
 C = Inter-level travel time spent in this place.
 D = Time resting spent in this place.
 E = Time spent auto-exploring this place.
 F = Levels seen in this place.
 G = Mean time per level.
                   A        B        C        D        E       F      G
               +--------+--------+--------+--------+--------+-----+--------+
         Total |   4669 |   4585 |     84 |    993 |   3036 |   5 |  933.8 |
       Dungeon |   4669 |   4585 |     84 |    993 |   3036 |   5 |  933.8 |
               +--------+--------+--------+--------+--------+-----+--------+

Top non-repeatable levels by time:
     D:2: 1363 daAuts
     D:1: 1188 daAuts
     D:4: 1075 daAuts
     D:3: 996 daAuts
     D:6: 44 daAuts
